 Dungeon Crawl Stone Soup version 0.32-a0-876-gcfddb08e57 (webtiles) character file.

Game seed: 12183589299224079611

466 GloriousHammer the Vexing (level 7, -3/48 HPs)
             Began as a Coglin Hexslinger on Mar 31, 2024.
             Was a High Priest of Ignis.
             Succumbed to Duvessa's poison
             ... on level 4 of the Dungeon.
             The game lasted 00:04:29 (3029 turns).

GloriousHammer the Vexing (Coglin Hexslinger)       Turns: 3029, Time: 00:04:29

Health: -3/48      AC:  5    Str:  8    XL:     7   Next: 8%
Magic:  9/11       EV: 11    Int: 13    God:    Ignis [*****.]
Gold:   159        SH:  0    Dex: 18    Spells: 3/11 levels left

rFire   + . .        a - +1 sling {Zulima}
rCold   . . .        d - -2 sling {Arif}
rNeg    . . .        q - +0 animal skin
rPois   .            p - +0 helmet
rElec   .            (no cloak)
rCorr   .            r - +1 pair of gloves
SInv    .            (no boots)
Will    .....        (amulet unavailable)
Stlth   ++           (ring unavailable)
HPRegen 0.28/turn    (ring unavailable)
MPRegen 0.12/turn    (no gizmo)

%: no passive effects
@: lethally poisoned (-3 -> -24), weak-willed, revved
A: off-hand wielding, slow wielding, warmup strikes, no jewellery
a: Invent Gizmo, Renounce Religion, Fiery Armour, Foxfire Swarm, Rising Flame


You were on level 4 of the Dungeon.
You worshipped Ignis.
Ignis was extremely pleased with you.
You visited 1 branch of the dungeon, and saw 4 of its levels.

You collected 159 gold pieces.

Inventory:

Hand Weapons
 a - a +1 sling (weapon) {Zulima}
 d - a -2 sling (offhand) {Arif}
Armour
 p - a +0 helmet (worn)
 q - a +0 animal skin (worn)
 r - a +1 pair of gloves (worn)
Scrolls
 b - a scroll of poison
 f - a scroll of teleportation {unknown}
 h - 2 scrolls of enchant weapon {unknown}
 k - a scroll of identify {unknown}
Potions
 c - a potion of enlightenment {unknown}
 e - 4 potions of heal wounds {unknown}
 g - a potion of ambrosia {unknown}
 i - 3 potions of lignification {unknown}
 j - a potion of curing {unknown}
 l - a potion of resistance {unknown}
 m - a potion of haste {unknown}
 n - a potion of invisibility {unknown}
 o - 2 potions of brilliance {unknown}


   Skills:
 - Level 1.0 Fighting
 + Level 3.6 Ranged Weapons
 - Level 1.7 Dodging
 + Level 2.9 Spellcasting
 + Level 4.2 Hexes
 + Level 3.2 Fire Magic


You had 3 spell levels left.
You knew the following spells:

 Your Spells              Type           Power      Damage    Failure   Level
a - Jinxbite              Hex            24%        N/A       6%          2
b - Sigil of Binding      Hex            12%        N/A       12%         3
c - Inner Flame           Hex/Fire       11%        N/A       16%         3

Your spell library contained the following spells:

 Spells                   Type           Power      Damage    Failure   Level
 Blink                    Tloc           2%         N/A       34%         2
 Lesser Beckoning         Tloc           2%         N/A       34%         2
 Momentum Strike          Conj/Tloc      2%         3d8       34%         2
 Teleport Other           Tloc           1%         N/A       56%         3
 Cause Fear               Hex            6%         N/A       38%         4
 Dimensional Bullseye     Hex/Tloc       3%         N/A       67%         4
 Maxwell's Portable Pile  Tloc           1%         2d(5-10)  93%         4


Dungeon Overview and Level Annotations

Branches:
Dungeon (4/15)
 Temple: D:4-7

Altars:
Cheibriados
Fedhas
Sif Muna
Ignis

Annotations:
D:2 1 runed translucent door, Crazy Yiuf
D:3 1 runed translucent door, smashvw's ghost, amateur MDFi
D:4 Duvessa


Innate Abilities, Weirdness & Mutations

You can wield a second weapon in your off-hand.
It takes a long time for you to wield or remove held weapons.
Your first few attacks do less damage.
You cannot equip rings or amulets.


Message History

Your Hexes skill increases to level 4!
Your Fire Magic skill increases to level 3!
You start resting.
You feel your willpower return.
Unknown command.
Magic restored.
HP restored.
You see here a +2 kite shield.
Dowan, Brother of Duvessa comes into view.
He is wielding a +0 dagger.
Dowan shouts!
Casting: Jinxbite (safe; 6% risk of failure)
Confirm with . or Enter, or press ? or * to list all spells.
You beckon some vexing sprites to accompany your attacks.
You feel your willpower being sapped.
Duvessa, Sister of Dowan comes into view.
She is wielding a +0 short sword of venom and wearing a +0 chain mail of fire resistance.
You shoot a sling bullet. The sling bullet hits Dowan.
Dowan is lightly wounded.
You shoot a sling bullet. The sling bullet hits Dowan.
Dowan is lightly wounded.
A giggling sprite leaps out and makes Dowan trip over his own feet.
Dowan is moderately wounded.
Dowan gestures at you while chanting. The puff of flame hits you. You resist.
You shoot a sling bullet. The sling bullet closely misses Dowan.
The sling bullet hits Duvessa but does no damage.
You shoot a sling bullet. The sling bullet hits Dowan.
Dowan is heavily wounded.
A giggling sprite leaps out and bonks Dowan with his +0 dagger.
Dowan is heavily wounded.
A giggling sprite leaps out and smacks Dowan with his own hand.
Dowan is severely wounded.
The jinxing sprites lose interest in you.
You shoot a sling bullet. The sling bullet hits Dowan.
Dowan is almost dead.
You shoot a sling bullet. The sling bullet misses Dowan.
The sling bullet closely misses Duvessa.
You shoot a sling bullet. The sling bullet barely misses Dowan.
The sling bullet hits Duvessa but does no damage.
You shoot a sling bullet. The sling bullet misses Dowan.
The sling bullet barely misses Duvessa.
Dowan casts a spell at Duvessa.
Duvessa seems to speed up.
You shoot a sling bullet.
The sling bullet hits Dowan but does no damage.
Dowan is almost dead.
You shoot a sling bullet.
The sling bullet hits Dowan but does no damage.
Dowan is almost dead.
Dowan gestures at you while chanting. The puff of flame hits you. You resist.
You shoot a sling bullet. The sling bullet barely misses Dowan.
The sling bullet hits Duvessa but does no damage.
You shoot a sling bullet. The sling bullet hits Dowan.
You kill Dowan!
Duvessa screams in rage.
Duvessa goes berserk!
You have reached level 7!
Your brain swirls with designs for a L-60 neomatrix.
You just need some more time...
You shoot a sling bullet.
The sling bullet hits Duvessa but does no damage.
You shoot a sling bullet.
The sling bullet hits Duvessa but does no damage.
Duvessa hits you with a +0 short sword of venom!
You are poisoned.
Duvessa hits you with a +0 short sword of venom.
You are more poisoned.
You shoot a sling bullet.
The sling bullet hits Duvessa but does no damage.
You shoot a sling bullet. The sling bullet hits Duvessa!
Duvessa is lightly wounded.
You feel extremely sick. Duvessa misses you. Duvessa closely misses you.
Unknown command.
Okay, then.
You shoot a sling bullet.
The sling bullet hits Duvessa but does no damage.
Duvessa is lightly wounded.
You shoot a sling bullet.
The sling bullet hits Duvessa but does no damage.
Duvessa is lightly wounded.
You feel very sick. Duvessa closely misses you.
Unknown command.
You shoot a sling bullet.
The sling bullet hits Duvessa but does no damage.
Duvessa is lightly wounded.
You shoot a sling bullet. The sling bullet barely misses Duvessa.
You feel very sick.
Duvessa hits you with a +0 short sword of venom!
* * * LOW HITPOINT WARNING * * *
You are more poisoned.
Duvessa barely misses you.
You shoot a sling bullet.
The sling bullet hits Duvessa but does no damage.
Duvessa is lightly wounded.
You shoot a sling bullet.
The sling bullet hits Duvessa but does no damage.
Duvessa is lightly wounded.
You die...
Ignis goes out, and joins you in death.

######### # #.......#...
#.......#...
#############.......#...
.....)e@................
.############.......#...
#.[[....#...
###...#..... #..#......#
#.##.####.. #....# ##.
...### ## #... ##


You could see Duvessa (berserk, fast).

Vanquished Creatures
  Grinder (D:4)
  A scorpion (D:4)
  Dowan (D:4)
  An iguana (D:4)
  Robin (D:2)
  5 adders
  4 dart slugs
  A ribbon worm (D:4)
  5 orcs (D:3)
  7 endoplasms
  A giant cockroach (D:3)
  8 goblins
  10 hobgoblins
  2 quokkas (D:3)
  7 ball pythons
  2 bats
  2 frilled lizards (D:1)
  7 kobolds
  4 rats
70 creatures vanquished.

Notes
Turn   | Place    | Note
-------+----------+-------------------------------------------
     0 | D:1      | GloriousHammer the Coglin Hexslinger began the quest for
                  | the Orb.
     0 | D:1      | Reached XP level 1. HP: 15/15 MP: 2/2
    70 | D:1      | Reached skill level 1 in Fire Magic
   358 | D:1      | Reached XP level 2. HP: 21/21 MP: 3/3
   940 | D:2      | Found a faded altar of an unknown god.
  1163 | D:2      | Reached skill level 3 in Hexes
  1163 | D:2      | Reached XP level 3. HP: 11/26 MP: 5/5
  1241 | D:2      | Learned a level 2 spell: Jinxbite
  1325 | D:2      | Reached XP level 4. HP: 32/32 MP: 3/6
  1331 | D:2      | Noticed Robin
  1335 | D:2      | Killed Robin
  1542 | D:2      | Found a runed translucent door.
  1543 | D:2      | Noticed Crazy Yiuf
  1844 | D:2      | Prayed at the altar of an unknown god.
  1844 | D:2      | Became a worshipper of Ignis, the Dying Flame
  1912 | D:3      | Found a snail-covered altar of Cheibriados.
  2054 | D:3      | Found a runed translucent door.
  2054 | D:3      | Noticed smashvw's ghost (amateur MDFi)
  2219 | D:3      | Found a shimmering blue altar of Sif Muna.
  2266 | D:3      | Reached XP level 5. HP: 37/37 MP: 8/8
  2291 | D:3      | Learned a level 3 spell: Sigil of Binding
  2295 | D:3      | Learned a level 3 spell: Inner Flame
  2673 | D:4      | Found a blossoming altar of Fedhas.
  2807 | D:4      | Reached XP level 6. HP: 20/43 MP: 6/9
  2913 | D:4      | Noticed Grinder
  2924 | D:4      | Paralysed by Grinder for 3 turns
  2931 | D:4      | Killed Grinder
  2932 | D:4      | Reached skill level 4 in Hexes
  3017 | D:4      | Noticed Dowan
  3018 | D:4      | Noticed Duvessa
  3024 | D:4      | Killed Dowan
  3025 | D:4      | Reached XP level 7. HP: 42/48 MP: 9/11
  3028 | D:4      | HP: 2/48 [Duvessa/+0 short sword of venom (13)]
  3029 | D:4      | Succumbed to Duvessa's poison

Illustrated notes

Levels and vault maps discovered:
D:1:      eino_arrival_water_star, layout_basic, serial_glass, glass_columns_c,
          glass_columns_a, minmay_strange_pillars
D:2:      layout_basic, ebering_ecumenical_altar_webs, uniq_robin,
          uniq_crazy_yiuf_cottage
D:3:      layout_rooms, kennysheep_slug_shrine, mainiacjoe_overflow_alcove_1,
          hellmonk_ghost_happy_afterlife
D:4:      layout_rooms, mainiacjoe_overflow_boulevard, uniq_duvessa,
          uniq_grinder, uniq_menkaure

Skill      XL: |  1  2  3  4  5  6 |
---------------+-------------------+-----
Fire Magic     | 1 2 3 |  3.2
Ranged Weapons | 2 3 |  3.6
Hexes          | 3 4 |  4.2
Spellcasting   | 2 |  2.9
Fighting       | |  1.0
Dodging        | |  1.7

Action                     |  1- 3 |  4- 6 |  7- 9 || total
---------------------------+-------+-------+-------++-------
   Fire: Sling             |   132 |   222 |    10 ||   364
   Cast: Jinxbite          |     1 |     5 |       ||     6
 Armour: Robe              |    15 |       |       ||    15
         Animal skin       |       |    26 |     3 ||    29
  Dodge: Dodged            |    19 |    25 |     4 ||    48

Table legend: (Time is in decaauts)
 A = Elapsed time spent in this place.
 B = Non-inter-level travel time spent in this place.
 C = Inter-level travel time spent in this place.
 D = Time resting spent in this place.
 E = Time spent auto-exploring this place.
 F = Levels seen in this place.
 G = Mean time per level.
                   A        B        C        D        E       F      G
               +--------+--------+--------+--------+--------+-----+--------+
         Total |   3086 |   2790 |    296 |    195 |   2116 |   4 |  771.5 |
       Dungeon |   3086 |   2790 |    296 |    195 |   2116 |   4 |  771.5 |
               +--------+--------+--------+--------+--------+-----+--------+

Top non-repeatable levels by time:
     D:1: 949 daAuts
     D:2: 938 daAuts
     D:3: 831 daAuts
     D:4: 367 daAuts
